 Dungeon Crawl Stone Soup version 0.29.1-1-gd02db6906a (webtiles) character file.

Game seed: 11330801269881109329

36 Sabo the Gusty (level 3, -3/19 HPs)
             Began as a Deep Elf Air Elementalist on Oct 15, 2022.
             Slain by Sigmund
             ... wielding a +0 scythe
              (8 damage)
             ... on level 2 of the Dungeon.
             The game lasted 00:08:48 (1607 turns).

Sabo the Gusty (Deep Elf Air Elementalist)          Turns: 1607, Time: 00:08:49

Health: -3/19      AC:  2    Str:  5    XL:     3   Next: 19%
Magic:  7/10       EV: 12    Int: 21    God:
Gold:   123        SH:  0    Dex: 15    Spells: 8/9 levels left

rFire   . . .      SeeInvis .   g - +4 dagger
rCold   . . .      Faith    .   (no shield)
rNeg    . . .      Spirit   .   a - +0 robe
rPois   .          Reflect  .   (no helmet)
rElec   .          Harm     .   (no cloak)
rCorr   .          Rampage  .   (no gloves)
Will    .....                   (no boots)
Stlth   +.........              (no amulet)
HPRegen 0.06/turn               (no ring)
MPRegen 0.12/turn               (no ring)

@: confused
A: no striking features
a: no special abilities


You were on level 2 of the Dungeon.
You visited 1 branch of the dungeon, and saw 2 of its levels.

You collected 123 gold pieces.

Inventory:

Hand Weapons
 g - a +4 dagger (weapon)
Missiles
 f - 3 poisoned darts (quivered)
Armour
 a - a +0 robe (worn)
Scrolls
 c - a scroll of teleportation {unknown}
 d - a scroll of identify {unknown}
 e - a scroll of vulnerability {unknown}
Potions
 b - a potion of magic
 h - a potion of cancellation {unknown}


   Skills:
 + Level 0.4 Short Blades
 + Level 2.5 Dodging
 + Level 2.7 Stealth
 + Level 3.5 Spellcasting
 + Level 1.8 Conjurations
 + Level 3.5 Air Magic


You had 8 spell levels left.
You knew the following spells:

 Your Spells              Type           Power      Damage    Failure   Level
a - Shock                 Conj/Air       60%        1d6       4%          1

Your spell library contained the following spells:

 Spells                   Type           Power      Damage    Failure   Level
 Static Discharge         Conj/Air       15%        3-5/arc   6%          2
 Swiftness                Air            18%        N/A       9%          3
 Necrotise                Necr           12%        1d4       13%         1
 Airstrike                Air            9%         2d(2-18)  28%         4
 Flame Wave               Conj/Fire      7%         2d5       65%         4
 Irradiate                Conj/Tmut      3%         3d12      94%         5
 Lehudib's Crystal Spear  Conj/Erth      3%         10d3      100%        8


Dungeon Overview and Level Annotations

Branches:
Dungeon (2/15)

Altars:

Annotations:
D:2 Sigmund


Message History

Aim: Sigmund, wielding a +0 scythe and wearing a +0 robe (lightly wounded, 68% to hit)
The zap misses Sigmund.
Sigmund casts a spell.
Sigmund flickers and vanishes!
Deactivating autopickup; reactivate with Ctrl-A.
Casting: Shock (safe; 4% risk of failure)
Confirm with . or Enter, or press ? or * to list all spells.
You don't know that spell.
Your magical contamination has completely faded away.
Something completely misses you.
A magic dart appears from out of thin air!
The magic dart hits you!
Something tries to affect you, but you resist.
Casting: Shock (safe; 4% risk of failure)
Confirm with . or Enter, or press ? or * to list all spells.
Aiming: Shock (safe; 4% risk of failure)
Press: ? - help, Shift-Dir - straight line, f/p - Sigmund
Aim: Sigmund, wielding a +0 scythe and wearing a +0 robe (68% to hit)
The zap hits Sigmund.
Sigmund is lightly wounded.
Casting: Shock (safe; 4% risk of failure)
Confirm with . or Enter, or press ? or * to list all spells.
Aiming: Shock (safe; 4% risk of failure)
Press: ? - help, Shift-Dir - straight line, f/p - Sigmund
Aim: Sigmund, wielding a +0 scythe and wearing a +0 robe (lightly wounded, 68% to hit)
The zap hits Sigmund.
Sigmund is moderately wounded.
Sigmund looks at you with fury.
Sigmund mumbles some strange words.
Sigmund flickers and vanishes!
You hear some strange, mumbled words.
You are confused.
You bump into the rock wall.
Something hits you!
* * * LOW HITPOINT WARNING * * *
You feel less confused. Something hits you.
* * * LOW HITPOINT WARNING * * *
You are confused.
You bump into the rock wall.
Something hits you!
You die...

#############
#...........#
#.#########.#
#######.# #.#
#.@.....# #.@ ######
#.####### ### ###
.....##########.######
....
.....#...............#
.....
..............#......#
@.....##
..............#......#
......†.
..............#......#
......##
..>...........#......#
.....
..............#......#
....


There were no monsters in sight!

Vanquished Creatures
  An adder (D:2)
  A worm (D:2)
  A dart slug (D:2)
  2 ball pythons
  2 endoplasms (D:1)
  3 goblins (D:1)
  2 hobgoblins (D:1)
  A quokka (D:1)
  3 bats (D:1)
  2 frilled lizards (D:1)
  2 kobolds (D:1)
  2 rats
22 creatures vanquished.

Notes
Turn   | Place    | Note
-------+----------+-------------------------------------------
     0 | D:1      | Sabo the Deep Elf Air Elementalist began the quest for the
                  | Orb.
     0 | D:1      | Reached XP level 1. HP: 10/10 MP: 6/6
   332 | D:1      | Reached XP level 2. HP: 15/15 MP: 5/8
   391 | D:1      | Got the Papyrus of Sinister Striking
  1096 | D:2      | Reached XP level 3. HP: 19/19 MP: 4/9
  1549 | D:2      | Noticed Sigmund
  1607 | D:2      | Slain by Sigmund

Illustrated notes

Levels and vault maps discovered:
D:1:      dpeg_arrival_refuge, layout_basic, minmay_pentomino_s2
D:2:      layout_basic, hellmonk_ecumenical_altar_inner_sanctum, serial_shops,
          shop, minmay_indecisive_spiral, uniq_natasha, uniq_sigmund

Action                   || total
-------------------------++-------
Melee: Unarmed           ||     5
       Dagger            ||     8
       Short sword       ||     5
 Cast: Shock             ||    46
Armor: Robe              ||     3
Dodge: Dodged            ||    10
